 Dungeon Crawl Stone Soup version 0.27-a0-320-g81d27af2d4 (webtiles) character file.

Game seed: 17557636687856773339

26252 tsouns the Brawler (level 12, -4/118 HPs)
             Began as a Palentonga Monk on Feb 10, 2021.
             Was a Priest of Qazlal.
             Slain by a spriggan rider
             ... wielding a +0 spear
              (13 damage)
             ... while paralysed by a hornet
             ... on level 6 of the Lair of Beasts.
             The game lasted 00:32:11 (15760 turns).

tsouns the Brawler (Palentonga Monk)               Turns: 15760, Time: 00:32:12

Health: -4/118     AC: 17    Str: 22    XL:     12   Next: 96%
Magic:  14/19      EV:  1    Int: 25    God:    Qazlal [***...]
Gold:   885        SH:  0    Dex: 13    Spells: 6/11 levels left

rFire    + . .     SeeInvis +     - Unarmed
rCold    + . .     Faith    .   (no shield)
rNeg     . . .     Spirit   .   I - +5 leather armour of Okawaru's Approval {rCorr Int+2 Slay+2}
rPois    .         Reflect  .   K - +0 hat {Int+3}
rElec    .         Harm     .   q - scarf {rC+ rF+}
rCorr    +         Rampage  .   g - +0 pair of gloves
Will     .....                  (no barding)
Stlth    +.........             x - amulet of regeneration
HPRegen  0.69/turn              F - +6 ring of strength
MPRegen  0.16/turn              c - +6 ring of intelligence

@: paralysed, lethally poisoned (-4 -> -5), slowed, curled up
A: large, rugged brown scales 3, see invisible, deformed body, roll 1, armoured
tail, reflexive curl
a: Rolling Charge, Renounce Religion, Upheaval, Elemental Force


You were on level 6 of the Lair of Beasts.
You worshipped Qazlal.
Qazlal was most pleased with you.
You visited 3 branches of the dungeon, and saw 16 of its levels.

You collected 1038 gold pieces.
You spent 153 gold pieces at shops.

Inventory:

Missiles
 h - 22 boomerangs
 m - 3 throwing nets
 o - 11 javelins
 s - 3 curare-tipped darts
 D - 12 poisoned darts (quivered)
Armour
 f - a +0 kite shield
 g - a +0 pair of gloves (worn)
 k - a +1 cloak
 q - a scarf of resistance (worn)
 t - +0 swamp dragon scales
 I - the +5 leather armour of Okawaru's Approval (worn) {rCorr Int+2 Slay+2}
   (You found it on level 10 of the Dungeon)

   It affects your intelligence (+2).
   It affects your accuracy and damage with ranged weapons and melee attacks
   (+2).
   It provides partial protection from all sources of acid and corrosion.
 K - a +0 hat of intelligence (worn)
Jewellery
 c - a +6 ring of intelligence (right hand)
 n - a ring of poison resistance
 p - a ring of willpower
 x - an amulet of regeneration (around neck)
 A - a ring of ice
 F - a +6 ring of strength (left hand)
Wands
 a - a wand of flame (18)
 y - a wand of acid (13)
 J - a wand of iceblast (9)
Scrolls
 d - 4 scrolls of blinking
 l - a scroll of magic mapping
 w - 2 scrolls of enchant weapon
 L - a scroll of identify
Potions
 b - a potion of berserk rage
 e - 3 potions of flight
 i - 3 potions of cancellation
 j - 5 potions of curing
 r - 3 potions of attraction
 v - 2 potions of lignification
 z - a potion of brilliance
 B - 2 potions of ambrosia
 E - a potion of invisibility
 G - a potion of haste {unknown}
Miscellaneous
 C - a tin of tremorstones (inert)
 H - a box of beasts


   Skills:
 + Level 11.7 Fighting
 - Level 2.4 Dodging
 - Level 1.2 Stealth
 * Level 15.7 Unarmed Combat
 + Level 10.6 Invocations


You had 6 spell levels left.
You knew the following spells:

 Your Spells              Type           Power        Failure   Level
a - Ensorcelled Hibernat  Hex/Ice        0%           24%         2
b - Confusing Touch       Hex            0%           43%         3

Your spell library contained the following spells:

 Spells                   Type           Power        Failure   Level
 Corona                   Hex            0%           16%         1
 Summon Small Mammal      Summ           0%           16%         1
 Call Imp                 Summ           0%           24%         2
 Poisonous Vapours        Pois/Air       0%           24%         2
 Call Canine Familiar     Summ           0%           43%         3
 Conjure Flame            Conj/Fire      0%           43%         3
 Dazzling Flash           Conj/Hex       0%           43%         3
 Mephitic Cloud           Conj/Pois/Air  0%           43%         3
 Summon Guardian Golem    Hex/Summ       0%           43%         3
 Tukima's Dance           Hex            0%           43%         3
 Ice Form                 Ice/Tmut       0%           83%         4
 Summon Ice Beast         Ice/Summ       0%           83%         4
 Summon Lightning Spire   Summ/Air       0%           83%         4
 Metabolic Englaciation   Hex/Ice        0%           99%         5
 Freezing Cloud           Conj/Ice/Air   0%           100%        6
 Simulacrum               Ice/Necr       0%           100%        6
 Ozocubu's Refrigeration  Ice            0%           100%        7


Dungeon Overview and Level Annotations

Branches:
Dungeon (11/15)            Temple (1/1) D:6            Lair (3/6) D:8
  Swamp: Lair:2-4    Shoals: Lair:2-4     Snake: Lair:2-4    Spider: Lair:2-4
    Orc: D:9-12

Altars:
Ashenzari
Cheibriados
Dithmenos
Elyvilon
Fedhas
Gozag
Hepliaklqana
Kikubaaqudgha
Makhleb
Nemelex Xobeh
Okawaru
Qazlal
Ru
Sif Muna
Trog
Uskayaw
Vehumet
Wu Jian
Xom
Yredelemnul
Zin
The Shining One

Shops:
D:5 [([(

Annotations:
D:10 1 runed translucent door
Lair:3 1 runed translucent door, HoaS's ghost, journeyman GrGl


Innate Abilities, Weirdness & Mutations

You are completely covered in rugged brown scales. (AC +3, +7% HP)
You have supernaturally acute eyesight. (SInv)
Armour fits poorly on your strangely shaped body.
You can roll at nearby foes to attack.
You have a long armoured tail.
You curl defensively after being hit.


Message History

You hear a trumpeting!
The wolf is struck by lightning.
You kill the wolf!
Qazlal accepts your kill.
Okay, then.
Your fire elemental hits the elephant.
Your fire elemental burns the elephant!
The elephant tramples your fire elemental.
Your fire elemental holds its ground!
The elephant trunk-slaps your fire elemental but does no damage.
Your fire elemental hits the elephant.
Your fire elemental burns the elephant!
The spriggan rider closely misses your fire elemental.
The elephant closely misses you. The elephant barely misses you.
You block the cane toad's attack.
Your fire elemental hits the elephant.
Your fire elemental burns the elephant!
The elephant tramples your fire elemental!
Your fire elemental holds its ground!
The elephant trunk-slaps your fire elemental.
The spriggan rider barely misses your fire elemental.
Your fire elemental hits the elephant.
Your fire elemental burns the elephant!
The elephant closely misses your fire elemental.
The elephant trunk-slaps your fire elemental.
The spriggan rider hits your fire elemental with a +2 spear of freezing!
The spriggan rider freezes your fire elemental.
Your fire elemental is destroyed!
The elephant trumpets!
The hornet stings you!
* * * LOW HITPOINT WARNING * * *
You feel yourself slow down. You block the spriggan rider's attack.
Unknown command.
You feel much better. You block the hornet's attack.
The spriggan rider misses you. The hornet stings you!
* * * LOW HITPOINT WARNING * * *
You are poisoned.
You suddenly lose the ability to move!
You feel yourself speed up.
You feel sick. The hornet stings you!
* * * LOW HITPOINT WARNING * * *
You feel yourself slow down.
The spriggan rider hits you from afar with a +0 spear!
You die...

#P....#.................#
#PP..#.......<..........
#P...##......P.#.†#...##
..P..##......####†##..P#
P.............#.†#.....##
#P.................#....#
#....#.#....##....###..##
#....###....#..○..##..P#
.### #......#..@.##..##
#######......###y###...#
......#......##Yi###..##
.............P##Fi#.#..##
...............hhY....#.#
........<......hh.....###
...........Y..........#
...........######.#.P..#
.#..........####..##..##


You could see 2 elephants, 2 spriggan riders, a polar bear, a cane toad, a
hornet and 3 wolves.

Vanquished Creatures
  Gastronok (D:10)
  The ghost of Cias the Blocker, a journeyman GnFi of Uskayaw (Lair:1)
  Fannar (Lair:3)
  Harold (D:8)
  2 hydras
  A rakshasa (D:10)
  A death yak (Lair:3)
  A two-headed ogre (D:10)
  7 elephants (Lair:6)
  A cyclops (D:11)
  Maurice (D:8)
  2 black mambas
  4 cane toads
  Maggie (D:7)
  A rime drake (Lair:1)
  4 komodo dragons
  3 polar bears (Lair:6)
  A hornet (D:10)
  9 blink frogs
  A slime creature (D:10)
  23 yaks
  3 wyverns
  2 basilisks (Lair:6)
  A vampire mosquito (D:10)
  6 water moccasins
  2 black bears
  3 sky beasts
  4 orc warriors
  An eye of draining (D:10)
  12 wolves
  An ogre (D:8)
  4 boggarts (Lair:6)
  3 centaurs
  2 phantoms
  7 bullfrogs
  A kobold brigand (D:8)
  4 scorpions
  A wyvern skeleton (D:7)
  2 howler monkeys
  10 wights
  A quasit (D:10)
  6 hounds
  A bullfrog zombie (D:7)
  6 orc priests
  5 jellies
  4 bullfrog skeletons
  Jessica (D:2)
  7 orc wizards
  9 worker ants
  A hound skeleton (D:8)
  3 worker ant zombies
  3 gnolls (D:10)
  A howler monkey skeleton (D:9)
  12 adders
  4 white imps
  An ufetubus (D:6)
  An adder zombie (D:5)
  3 worms
  3 dart slugs
  7 leopard geckos
  28 orcs
  10 bats
  5 giant cockroaches
  7 goblins
  9 hobgoblins
  2 iguanas
  23 jackals
  3 quokkas
  A ball python (D:8)
  4 frilled lizards
  A jackal skeleton (D:6)
  12 kobolds
  A leopard gecko skeleton (D:6)
  2 quokka skeletons
  A quokka zombie (D:5)
  11 rats
335 creatures vanquished.

Vanquished Creatures (collateral kills)
  A komodo dragon (D:8)
1 creature vanquished.

Vanquished Creatures (others)
  22 fungi
  38 plants
60 creatures vanquished.

Grand Total: 396 creatures vanquished

Notes
Turn   | Place    | Note
-------+----------+-------------------------------------------
     0 | D:1      | tsouns the Palentonga Monk began the quest for the Orb.
     0 | D:1      | Reached XP level 1. HP: 20/20 MP: 1/1
   243 | D:1      | Reached XP level 2. HP: 26/27 MP: 2/2
   795 | D:1      | Reached XP level 3. HP: 20/33 MP: 3/3
  1230 | D:2      | Noticed Jessica
  1234 | D:2      | Killed Jessica
  1235 | D:2      | Reached skill level 4 in Unarmed Combat
  1333 | D:2      | Reached XP level 4. HP: 38/42 MP: 4/4
  1461 | D:2      | Found a bloodstained altar of Trog.
  2109 | D:3      | Reached skill level 5 in Unarmed Combat
  2123 | D:3      | Reached XP level 5. HP: 41/49 MP: 5/5
  2533 | D:3      | Found a glowing silver altar of Zin.
  3770 | D:4      | Reached XP level 6. HP: 38/56 MP: 6/6
  3782 | D:4      | Reached skill level 6 in Unarmed Combat
  4401 | D:5      | Entered Level 5 of the Dungeon
  4437 | D:5      | Reached skill level 5 in Fighting
  4630 | D:5      | Gained mutation: You curl defensively after being hit.
                  | [Palentonga growth]
  4630 | D:5      | Reached XP level 7. HP: 59/65 MP: 7/7
  4828 | D:5      | Found Ivoutum's Antique Armour Shop.
  4843 | D:5      | Bought a pair of gloves for 153 gold pieces
  4903 | D:5      | Found Asoschen's Antique Weapon Boutique.
  5218 | D:5      | Found Xaewesoi's Weapon Emporium.
  5334 | D:5      | Reached skill level 7 in Unarmed Combat
  5433 | D:5      | Found Ywuesauh's Antique Armour Shoppe.
  5675 | D:6      | Found a shimmering altar of Xom.
  5765 | D:6      | Found a staircase to the Ecumenical Temple.
  5799 | Temple   | Entered the Ecumenical Temple
  6082 | Temple   | Became a worshipper of Qazlal Stormbringer
  6082 | Temple   | Reached * piety under Qazlal
  6082 | Temple   | Reached ** piety under Qazlal
  6133 | D:6      | Reached skill level 8 in Unarmed Combat
  6211 | D:6      | Reached XP level 8. HP: 62/74 MP: 8/8
  6548 | D:7      | Reached skill level 9 in Unarmed Combat
  6676 | D:7      | Noticed Maggie
  6684 | D:7      | Killed Maggie
  6685 | D:7      | Reached skill level 1 in Invocations
  6830 | D:7      | Learned a level 2 spell: Ensorcelled Hibernation
  6834 | D:7      | Learned a level 3 spell: Confusing Touch
  6888 | D:7      | Reached XP level 9. HP: 84/84 MP: 10/10
  6913 | D:7      | Reached skill level 10 in Unarmed Combat
  7189 | D:8      | Noticed Maurice
  7267 | D:8      | Killed Maurice
  7603 | D:8      | Noticed Harold
  7731 | D:8      | Reached *** piety under Qazlal
  7948 | D:8      | Killed Harold
  7949 | D:8      | Reached skill level 11 in Unarmed Combat
  8254 | D:8      | Found a staircase to the Lair.
  8254 | D:8      | Noticed a komodo dragon
  8304 | D:8      | Killed a komodo dragon
  8305 | D:8      | Reached skill level 5 in Invocations
  8305 | D:8      | Reached XP level 10. HP: 45/96 MP: 0/13
  9430 | D:9      | Found a sparkling altar of Nemelex Xobeh.
  9430 | D:9      | Found a transporter.
  9430 | D:9      | Noticed a necromancer
  9431 | D:9      | Noticed an unseen horror
  9575 | D:9      | Got a steaming ring mail
  9586 | D:9      | Identified the +5 ring mail of Juleger {*Corrode Int+4
                  | Dex+3} (You found it on level 9 of the Dungeon)
  9866 | D:10     | Entered Level 10 of the Dungeon
  9977 | D:10     | Noticed a two-headed ogre
 10047 | D:10     | Killed a two-headed ogre
 10082 | D:10     | Found a runed translucent door.
 10084 | D:10     | Found a runed translucent door.
 10101 | D:10     | Reached skill level 12 in Unarmed Combat
 10430 | D:10     | Got a brightly glowing leather armour
 10443 | D:10     | Identified the +5 leather armour of Okawaru's Approval
                  | {rCorr Int+2 Slay+2} (You found it on level 10 of the
                  | Dungeon)
 10664 | D:10     | Noticed Gastronok
 10673 | D:10     | Identified the +8 hand axe of Guitwum {vorpal, rPois rN+
                  | Int+4}
 10673 | D:10     | Noticed a rakshasa
 10878 | D:10     | Killed a rakshasa
 11015 | D:10     | Killed Gastronok
 11016 | D:10     | Reached skill level 13 in Unarmed Combat
 11016 | D:10     | Reached XP level 11. HP: 77/105 MP: 16/16
 11392 | D:11     | Noticed a death knight
 11392 | D:11     | Noticed a skeletal warrior
 11393 | D:11     | Noticed a skeletal warrior
 11416 | D:11     | Noticed a skeletal warrior
 11434 | D:11     | Noticed Snorg
 11632 | D:11     | HP: 5/105 [death knight/+3 halberd of flaming (20)]
 11632 | D:11     | HP: 1/105 [death knight/+3 halberd of flaming (4)]
 11904 | Lair:1   | Entered Level 1 of the Lair of Beasts
 12186 | Lair:1   | Reached skill level 10 in Fighting
 12246 | Lair:1   | Noticed a five-headed hydra
 12249 | Lair:1   | Killed a five-headed hydra
 12299 | Lair:1   | Found a runed translucent door.
 12299 | Lair:1   | Noticed Cias's ghost (journeyman GnFi)
 12343 | Lair:1   | Killed Cias's ghost
 13229 | Lair:2   | Reached skill level 14 in Unarmed Combat
 14078 | Lair:3   | Found a runed translucent door.
 14078 | Lair:3   | Identified the +6 spear "Fethraec" {vorpal, Str+3}
 14078 | Lair:3   | Noticed a spriggan rider
 14086 | Lair:3   | Noticed HoaS's ghost (journeyman GrGl)
 14131 | Lair:3   | Noticed a five-headed hydra
 14140 | Lair:3   | Killed a five-headed hydra
 14141 | Lair:3   | Reached XP level 12. HP: 51/115 MP: 18/18
 14278 | Lair:3   | Noticed Fannar
 14290 | Lair:3   | Killed Fannar
 14431 | Lair:3   | Noticed a death yak
 14432 | Lair:3   | Noticed a death yak
 14433 | Lair:3   | Noticed a death yak
 14433 | Lair:3   | Noticed a death yak
 14433 | Lair:3   | Noticed a death yak
 14467 | Lair:3   | Killed a death yak
 14478 | Lair:3   | You fall into a shaft and drop 3 floors!
 14478 | Lair:6   | Entered Level 6 of the Lair of Beasts
 14741 | Lair:6   | Reached skill level 15 in Unarmed Combat
 15033 | Lair:6   | Reached skill level 10 in Invocations
 15370 | Lair:6   | Noticed a death yak
 15370 | Lair:6   | Noticed a death yak
 15370 | Lair:6   | Noticed a death yak
 15370 | Lair:6   | Noticed a death yak
 15571 | Lair:6   | Reached **** piety under Qazlal
 15759 | Lair:6   | Paralysed by a hornet for 3 turns
 15760 | Lair:6   | Slain by a spriggan rider

Illustrated notes

Levels and vault maps discovered:
D:1:      mrwooster_arrival_arrow, layout_basic
D:2:      layout_rooms, serial_bayou_pond_b, trog_three_pillars_becter,
          uniq_jessica
D:3:      minmay_recursive_quarters, layout_basic,
          lemuel_coloured_pillars_altar, minmay_misc_feat_roman
D:4:      layout_layer_cave, corexii_corridor_pit, minivault_25
D:5:      layout_loops_corners, serial_shops, shop, kennysheep_little_box,
          nicolae_shop_statue_plus, nicolae_shop_behind_doors,
          grunt_ministairs_6
D:6:      layout_gridville, minmay_temple_entry_junction_2, dk_xom_monty_hall
D:7:      layout_loops_ring, hangedman_abyss_or_decor_lesser_grid, uniq_maggie
D:8:      layout_loops_ring, david_lair_shrubbed, uniq_maurice, uniq_harold
D:9:      layout_layer_cave, grunt_nemelex_the_gamble
D:10:     minmay_the_grid_triangle_9x9_recursive_2_mashed
          [minmay_the_grid_triangle_9x9_prize_insulated,
          minmay_the_grid_triangle_9x9_tough_junction,
          minmay_the_grid_triangle_9x9_corrupted_corridor,
          minmay_the_grid_triangle_9x9_empty], layout_cave_pods,
          minmay_misc_feat_square, uniq_gastronok
D:11:     layout_roguey, enter_bailey_4, serial_rivers,
          chequers_serial_rivers_room_a, chequers_serial_rivers_large_a,
          chequers_serial_rivers_large_b, chequers_serial_rivers_room_b,
          minmay_lizard_king, uniq_snorg
Temple:   regret_index_temple_sigil_plot
Lair:1:   layout_roguey, gammafunk_ghost_grave, lemuel_fruit_fields,
          lemuel_fruit_fields
Lair:2:   layout_regular_city, grunt_megastairs_3
Lair:3:   layout_big_grid, ebering_ghost_funeral_grove, minmay_lindwurm_lava,
          lemuel_fruit_tree, uniq_fannar
Lair:6:   minmay_lair_end_enchanted_forest, layout_regular_city, slime_altar_2,
          kilobyte_rumbling_trees, infiniplex_staircase_pool,
          serial_bayou_shore_b

Skill      XL: |  1  2  3  4  5  6  7  8  9 10 11 12 |
---------------+-------------------------------------+-----
Unarmed Combat | 4 5 6 8 9 11 13 14 15 | 15.7
Fighting       | 4 5 6 7 8 9 10 11 | 11.7
Invocations    | 2 5 7 9 10 | 10.6
Dodging        | |  2.4
Stealth        | |  1.2

Action                   |  1- 3 |  4- 6 |  7- 9 | 10-12 || total
-------------------------+-------+-------+-------+-------++-------
Melee: Unarmed           |    95 |   274 |   322 |   599 ||  1290
       Tailslap          |    11 |    39 |    47 |   106 ||   203
       Punch             |     1 |     5 |    13 |    51 ||    70
Throw: Dart              |       |       |     1 |       ||     1
Invok: Upheaval          |       |       |     3 |     1 ||     4
       Elemental Force   |       |       |     1 |     4 ||     5
 Abil: Rolling Charge    |     1 |     2 |     4 |     1 ||     8
Evoke: Wand              |       |       |    15 |     4 ||    19
       Box of beasts     |       |       |       |     1 ||     1
       Tin of tremorston |       |       |       |     2 ||     2
  Use: Scroll            |       |       |    16 |     6 ||    22
       Potion            |       |       |     1 |     8 ||     9
 Stab: Sleeping          |     4 |     6 |     1 |       ||    11
Armor: Robe              |    35 |   102 |    45 |    11 ||   193
       Swamp dragon scal |       |       |    56 |    20 ||    76
       Leather armour    |       |       |       |   111 ||   111
       Skin              |       |       |       |    15 ||    15
Dodge: Dodged            |    57 |   106 |   102 |   203 ||   468
Block: Other             |       |    19 |    24 |    87 ||   130
       Reflection        |       |     1 |       |       ||     1

Table legend: (Time is in decaauts)
 A = Elapsed time spent in this place.
 B = Non-inter-level travel time spent in this place.
 C = Inter-level travel time spent in this place.
 D = Time resting spent in this place.
 E = Time spent auto-exploring this place.
 F = Levels seen in this place.
 G = Mean time per level.
                   A        B        C        D        E       F      G
               +--------+--------+--------+--------+--------+-----+--------+
         Total |  15593 |  14981 |    612 |      0 |  12172 |  16 |  974.6 |
       Dungeon |  11518 |  11005 |    513 |      0 |   8929 |  11 | 1047.1 |
        Temple |    308 |    262 |     46 |      0 |    247 |   1 |  308.0 |
          Lair |   3765 |   3712 |     53 |      0 |   2996 |   4 |  941.2 |
               +--------+--------+--------+--------+--------+-----+--------+

Top non-repeatable levels by time:
    D:10: 1627 daAuts
     D:9: 1488 daAuts
     D:4: 1485 daAuts
  Lair:6: 1233 daAuts
     D:1: 1214 daAuts
  Lair:1: 1209 daAuts
     D:8: 1113 daAuts
     D:3: 1084 daAuts
     D:7: 1077 daAuts
     D:5: 924 daAuts
  Lair:2: 886 daAuts
     D:2: 762 daAuts
     D:6: 492 daAuts
  Lair:3: 436 daAuts
  Temple: 308 daAuts
